 Dungeon Crawl Stone Soup version 0.30-a0-737-gf23d94013f (webtiles) character file.

Game seed: 16083154534520801847

1547 IdlyInterested the Prestidigitator (level 8, 0/64 HPs)
             Began as a Demonspawn Gladiator on Feb 2, 2023.
             Slain by a hornet (9 damage)
             ... on level 7 of the Dungeon.
             The game lasted 00:17:33 (6505 turns).

IdlyInterested the Prestidigitator (DsGl)           Turns: 6505, Time: 00:17:33

Health: 0/64       AC: 16    Str: 12 (13) XL:     8   Next: 57%
Magic:  8/8        EV:  5    Int: 11 (12) God:
Gold:   169        SH:  4    Dex: 17 (18) Spells: 7/7 levels left

rFire   + . .      SeeInvis .    x - staff of poison
rCold   . . .      Faith    .    n - +0 buckler
rNeg    . . .      Spirit   .    w - +0 chain mail {rF+}
rPois   +          Reflect  .    (helmet restricted)
rElec   .          Harm     .    m - +1 cloak
rCorr   .          Rampage  .    B - +2 pair of gloves
Will    .....                    j - +0 pair of boots Stlth
                                 f - amulet of regeneration
HPRegen 1.10/turn                q - ring of wizardry
MPRegen 0.11/turn                (no ring)

@: no status effects
A: horns 1, rugged brown scales 2, agile 1, robust 1, noise suppression
a: no special abilities


You were on level 7 of the Dungeon.
You visited 2 branches of the dungeon, and saw 8 of its levels.

You collected 401 gold pieces.
You spent 232 gold pieces at shops.

Inventory:

Hand Weapons
 a - a +1 quarterstaff
 F - the +4 sling of Compulsion {heavy, rElec rF+ Dex+8}
   (You found it on level 7 of the Dungeon)

   Dex:       It affects your dexterity (+8).
   rF:        It protects you from fire.
   rElec:     It insulates you from electricity.
Missiles
 d - 3 throwing nets
 e - a javelin
 o - a curare-tipped dart
 r - 55 stones (quivered)
 A - 16 poisoned darts
Armour
 j - a +0 pair of boots (worn)
 m - a +1 cloak (worn)
 n - a +0 buckler (worn)
 w - a +0 chain mail of fire resistance (worn)
 B - a +2 pair of gloves (worn)
Magical Staves
 x - a staff of poison (weapon)
Jewellery
 f - an amulet of regeneration (around neck)
 p - an amulet of guardian spirit
 q - a ring of wizardry (left hand)
 s - an amulet of faith
 u - a ring of ice
Wands
 k - a wand of polymorph (11)
 E - a wand of flame (15)
Scrolls
 l - a scroll of teleportation
 y - a scroll of blinking
 D - a scroll of immolation
Potions
 b - a potion of heal wounds
 c - a potion of might
 g - 3 potions of curing
 h - 2 potions of mutation
 i - a potion of berserk rage
 t - 3 potions of brilliance
 v - a potion of resistance {unknown}
 z - a potion of haste
 C - a potion of lignification


   Skills:
 - Level 2.0 Fighting
 + Level 6.6 Staves
 - Level 2.0 Throwing
 - Level 1.0 Armour
 - Level 3.0 Dodging
 - Level 1.0 Stealth
 * Level 8.0 Evocations


You had 7 spell levels left.
You didn't know any spells.
Your spell library contained the following spells:

 Spells                   Type           Power      Damage    Failure   Level
 Sting                    Tmut/Pois      0%         1d3       100%        1
 Cigotuvi's Dreadful Rot  Necr/Pois/Air  0%         N/A       100%        2
 Poisonous Vapours        Pois/Air       0%         N/A       100%        2
 Mephitic Cloud           Conj/Pois/Air  0%         N/A       100%        3
 Olgreb's Toxic Radiance  Pois           0%         N/A       100%        4


Dungeon Overview and Level Annotations

Branches:
Dungeon (7/15)             Temple (1/1) D:4

Altars:
Dithmenos
Fedhas
Gozag
Hepliaklqana
Kikubaaqudgha
Okawaru
Qazlal
Ru
Uskayaw
Vehumet
Wu Jian
Xom

Shops:
D:4 [


Innate Abilities, Weirdness & Mutations

You have a pair of small horns on your head.
You are mostly covered in rugged brown scales. (AC +2, +5% HP)
You are agile. (Dex +4, Str/Int -1)
You are robust. (+10% HP)
You passively dampen the noise of your surroundings.


Message History

The hornet closely misses you.
You hit the hornet but do no damage.
The hornet is lightly wounded.
The hornet closely misses you.
You hit the hornet.
The hornet is lightly wounded.
The hornet stings you but does no damage. x2
You miss the hornet.
The hornet is lightly wounded.
The hornet stings you.
Aiming: Throw Flame
Press: ? - help, Shift-Dir - straight line, f - hornet
Aim: a hornet (lightly wounded, 64% to hit)
The puff of flame hits the hornet.
The hornet is moderately wounded.
The hornet stings you!
* * * LOW HITPOINT WARNING * * *
The hornet barely misses you.
Aiming: Polymorph
Press: ? - help, Shift-Dir - straight line, f/p - hornet
Aim: a hornet (moderately wounded, will become an acid dragon, a rime drake, or a golden eye, chance to affect: 59%)
Okay, then.
Aiming: Throw Flame
Press: ? - help, Shift-Dir - straight line, f/p - hornet
Aim: a hornet (moderately wounded, 64% to hit)
The puff of flame hits the hornet.
The hornet is moderately wounded.
The hornet stings you but does no damage.
You hit the hornet.
The hornet is heavily wounded.
The hornet stings you but does no damage.
You hit the hornet.
The hornet is severely wounded.
The hornet stings you!
* * * LOW HITPOINT WARNING * * *
The hornet stings you but does no damage.
You miss the hornet.
The hornet is severely wounded.
The hornet stings you!
You die...

### #.. #.# ##### #.#
#... #y#######.# ######
#@........# #....#
#.........# #.##.#
#.........# #.#...
#.###.....# #.#..# ...#
#.....###.#..# .....+
+.........#..# .......#
#....######..#
.......+..............#
..!....#####.####......


You could see a hornet.

Vanquished Creatures
  A water moccasin (D:6)
  A black bear (D:5)
  An ice beast (D:6)
  An ogre (D:5)
  A phantom (D:4)
  Blork the orc (D:5)
  A kobold brigand (D:4)
  3 scorpions
  A necrophage (D:5)
  2 hounds (D:6)
  3 jellies
  2 orc priests
  4 iguanas
  5 orc wizards
  8 gnolls
  8 adders
  A shadow imp (D:6)
  A white imp (D:5)
  An ufetubus (D:5)
  2 worms
  26 orcs
  4 ball pythons
  7 endoplasms
  2 giant cockroaches
  9 goblins
  8 hobgoblins
  7 jackals
  9 quokkas
  3 bats
  5 frilled lizards
  5 kobolds
  3 rats
136 creatures vanquished.

Notes
Turn   | Place    | Note
-------+----------+-------------------------------------------
     0 | D:1      | IdlyInterested the Demonspawn Gladiator began the quest for
                  | the Orb.
     0 | D:1      | Reached XP level 1. HP: 16/16 MP: 1/1
    71 | D:1      | Gained mutation: You have a pair of small horns on your
                  | head. [demonic ancestry]
    71 | D:1      | Reached XP level 2. HP: 16/22 MP: 2/2
   329 | D:1      | Reached XP level 3. HP: 27/27 MP: 3/3
   455 | D:1      | Reached skill level 1 in Evocations
   974 | D:2      | Reached skill level 1 in Stealth
   977 | D:2      | Gained mutation: You are partially covered in rugged brown
                  | scales. (AC +1, +3% HP) [demonic ancestry]
   977 | D:2      | Reached XP level 4. HP: 21/33 MP: 4/4
  1067 | D:2      | Reached skill level 1 in Armour
  2300 | D:3      | Found an ornate altar of the Wu Jian Council.
  2310 | D:3      | Reached XP level 5. HP: 39/39 MP: 5/5
  2558 | D:3      | Found an ancient bone altar of Kikubaaqudgha.
  2643 | D:3      | Gained mutation: You occasionally shout uncontrollably at
                  | your foes. [potion of mutation]
  2643 | D:3      | Gained mutation: You have very sharp teeth. [potion of
                  | mutation]
  2757 | D:4      | Reached skill level 2 in Evocations
  2832 | D:4      | Noticed a phantom
  2913 | D:4      | Killed a phantom
  2914 | D:4      | Reached skill level 3 in Evocations
  3186 | D:4      | Found a staircase to the Ecumenical Temple.
  3197 | D:4      | Gained mutation: You are mostly covered in rugged brown
                  | scales. (AC +2, +5% HP) [demonic ancestry]
  3197 | D:4      | Reached XP level 6. HP: 7/46 MP: 6/6
  3248 | Temple   | Entered the Ecumenical Temple
  3369 | D:4      | Reached skill level 4 in Evocations
  3540 | D:4      | Found Qeag's Antique Armour Shoppe.
  3885 | D:5      | Entered Level 5 of the Dungeon
  3956 | D:5      | Reached skill level 5 in Staves
  4152 | D:5      | Found a stormy altar of Qazlal.
  4177 | D:5      | Reached XP level 7. HP: 44/52 MP: 7/7
  4182 | D:5      | Reached skill level 5 in Evocations
  4499 | D:5      | Found a shadowy altar of Dithmenos.
  4520 | D:5      | Reached skill level 6 in Evocations
  4683 | D:5      | Noticed Blork the orc
  4703 | D:5      | Killed Blork the orc
  4861 | D:5      | Reached XP level 8. HP: 55/58 MP: 8/8
  5122 | D:4      | Bought a pair of glowing gloves for 232 gold pieces
  5490 | D:6      | Found a radiant altar of Vehumet.
  5535 | D:6      | Reached skill level 7 in Evocations
  5603 | D:6      | Lost mutation: You have very sharp teeth. [potion of
                  | mutation]
  5603 | D:6      | Lost mutation: You occasionally shout uncontrollably at
                  | your foes. [potion of mutation]
  5603 | D:6      | Gained mutation: You are robust. (+10% HP) [potion of
                  | mutation]
  5603 | D:6      | Gained mutation: You passively dampen the noise of your
                  | surroundings. [potion of mutation]
  5603 | D:6      | Gained mutation: You are agile. (Dex +4, Str/Int -1)
                  | [potion of mutation]
  6085 | D:6      | Reached skill level 8 in Evocations
  6474 | D:7      | Identified the +4 sling of Compulsion {heavy, rElec rF+
                  | Dex+8}
  6487 | D:7      | Noticed a hornet
  6489 | D:7      | Paralysed by a hornet for 1 turns
  6505 | D:7      | Slain by a hornet

Illustrated notes

Levels and vault maps discovered:
D:1:      dpeg_arrival_shelter, layout_basic
D:2:      layout_basic
D:3:      layout_loops_ring, nicolae_wu_jian_immortal_techniques,
          kiku_gazebo_pond_becter
D:4:      layout_basic, zin_statuary, minmay_temple_entry_proselytizer,
          serial_shops, nicolae_shop_advertising_works
          [nicolae_subvault_shop_adworks]
D:5:      layout_basic, nicolae_qazlal_general_emergency,
          mainiacjoe_overflow_alcove_2, nicolae_nh_ransacked_shop,
          uniq_blork_the_orc
D:6:      layout_loops_ring, mainiacjoe_overflow_cross_hatched,
          chequers_serial_rivers_small_3
D:7:      layout_basic, makhleb_grotto_becter,
          lemuel_mausoleum_altar_yredelemnul
Temple:   hellmonk_temple_two_chambers

Skill      XL: |  1  2  3  4  5  6  7  8 |
---------------+-------------------------+-----
Throwing       | 2 |  2.0
Staves         | 3 4 5 6 |  6.6
Dodging        | 3 |  3.0
Evocations     | 1 3 4 6 8 |  8.0
Stealth        | 1 |  1.0
Armour         | 1 |  1.0
Fighting       | |  2.0

Action                     |  1- 3 |  4- 6 |  7- 9 || total
---------------------------+-------+-------+-------++-------
  Melee: Quarterstaff      |   103 |    29 |       ||   132
         Headbutt          |     8 |    58 |    76 ||   142
         Staff             |       |   294 |   316 ||   610
         Bite              |       |    29 |    33 ||    62
         Punch             |       |     3 |     2 ||     5
  Throw: Stone             |       |       |     2 ||     2
  Evoke: Wand              |       |       |     3 ||     3
    Use: Scroll            |       |    12 |     4 ||    16
         Potion            |       |     4 |     3 ||     7
 Armour: Leather armour    |    29 |     9 |       ||    38
         Scale mail        |       |    28 |       ||    28
         Chain mail        |       |   118 |   184 ||   302
  Dodge: Dodged            |    78 |   144 |    87 ||   309

Table legend: (Time is in decaauts)
 A = Elapsed time spent in this place.
 B = Non-inter-level travel time spent in this place.
 C = Inter-level travel time spent in this place.
 D = Time resting spent in this place.
 E = Time spent auto-exploring this place.
 F = Levels seen in this place.
 G = Mean time per level.
                   A        B        C        D        E       F      G
               +--------+--------+--------+--------+--------+-----+--------+
         Total |   6495 |   5607 |    888 |    209 |   3592 |   8 |  811.9 |
       Dungeon |   6471 |   5583 |    888 |    209 |   3592 |   7 |  924.4 |
        Temple |     23 |     23 |      0 |      0 |      0 |   1 |   23.0 |
               +--------+--------+--------+--------+--------+-----+--------+

Top non-repeatable levels by time:
     D:5: 1297 daAuts
     D:4: 1271 daAuts
     D:2: 1183 daAuts
     D:6: 1020 daAuts
     D:1: 828 daAuts
     D:3: 742 daAuts
     D:7: 127 daAuts
  Temple: 23 daAuts
